 Dungeon Crawl Stone Soup version 0.28-a0-1227-ga9037bb4c8 (webtiles) character file.

Game seed: 15860358968042281599

313 ytrimaz the Stinger (level 6, -4/38 HPs)
             Began as an Octopode Venom Mage on Dec 22, 2021.
             Slain by a bullfrog skeleton (7 damage)
             ... on level 4 of the Dungeon.
             The game lasted 00:05:28 (3740 turns).

ytrimaz the Stinger (Octopode Venom Mage)           Turns: 3740, Time: 00:05:29

Health: -4/38      AC:  1    Str:  7    XL:     6   Next: 43%
Magic:  10/11      EV: 13    Int: 19    God:
Gold:   88         SH:  0    Dex: 13    Spells: 5/12 levels left

rFire   . . .      SeeInvis .   (no weapon)
rCold   . . .      Faith    .   (no shield)
rNeg    . . .      Spirit   .   (helmet restricted)
rPois   .          Reflect  .   (no amulet)
rElec   .          Harm     .   (no ring)
rCorr   .          Rampage  .   (no ring)
Will    .....                   (no ring)
Stlth   +++.......              (no ring)
HPRegen 0.12/turn               (no ring)
MPRegen 0.12/turn               (no ring)
                                (no ring)
                                (no ring)

@: no status effects
A: almost no armour, amphibious, 8 rings, camouflage 1, gelatinous body 1,
(nimble swimmer 1), tentacles
a: no special abilities


You were on level 4 of the Dungeon.
You visited 1 branch of the dungeon, and saw 4 of its levels.

You collected 88 gold pieces.

Inventory:

Potions
 a - a potion of ambrosia
 b - 2 potions of attraction
 c - a potion of curing
 d - a potion of heal wounds {unknown}
 f - a potion of mutation {unknown}
 i - a potion of resistance {unknown}


   Skills:
 * Level 1.6 Fighting
 * Level 2.7 Dodging
 - Level 2.6 Stealth
 + Level 0.7 Unarmed Combat
 * Level 3.5 Spellcasting
 * Level 2.7 Transmutations
 * Level 5.5 Poison Magic


You had 5 spell levels left.
You knew the following spells:

 Your Spells              Type           Power      Damage    Failure   Level
a - Sting                 Tmut/Pois      76%        1d6       2%          1
b - Poisonous Vapours     Pois/Air       26%        N/A       7%          2
c - Olgreb's Toxic Radia  Pois           24%        N/A       16%         4

Your spell library contained the following spells:

 Spells                   Type           Power      Damage    Failure   Level
 Passwall                 Tmut/Erth      6%         N/A       12%         2
 Mephitic Cloud           Conj/Pois/Air  10%        N/A       21%         3
 Blink                    Tloc           6%         N/A       22%         2
 Lesser Beckoning         Tloc           3%         N/A       41%         3
 Swiftness                Air            3%         N/A       41%         3
 Manifold Assault         Tloc           3%         N/A       99%         5


Dungeon Overview and Level Annotations

Branches:
Dungeon (4/15)
 Temple: D:4-7

Altars:

Shops:
D:2 (


Innate Abilities, Weirdness & Mutations

You cannot wear most types of armour.
You are amphibious.
You can wear up to eight rings at the same time.
Your skin changes colour to match your surroundings (Stealth+).
Your rubbery body absorbs attacks. (AC +1, EV +1)
((You are camouflaged when in or above water. (Stealth+)))
You have tentacles for arms and can constrict up to eight enemies at once.


Message History

The phantom blinks!
You blink.
Unknown command.
Unknown command.
The phantom misses you. The bullfrog skeleton hits you.
* * * LOW HITPOINT WARNING * * *
The bullfrog skeleton hits you.
* * * LOW HITPOINT WARNING * * *
Unknown command.
You feel better.
The bullfrog skeleton hits your gnoll but does no damage.
Unknown command.
Your ball python bites the bullfrog skeleton.
Your ball python closely misses the bullfrog skeleton.
The phantom closely misses you. The bullfrog skeleton hits your gnoll.
Your ball python bites the bullfrog skeleton.
Your ball python barely misses the bullfrog skeleton.
Your gnoll closely misses the phantom.
The adder skeleton bites you.
* * * LOW HITPOINT WARNING * * *
Your gnoll hits the bullfrog skeleton with a +0 flail.
Your gnoll dissolves into shadows!
Your gnoll hits the bullfrog skeleton with a +0 whip.
Your gnoll hits the bullfrog skeleton with a +0 flail.
Your gnoll dissolves into shadows!
The adder skeleton bites you.
* * * LOW HITPOINT WARNING * * *
Unknown command.
The bullfrog skeleton hits you.
* * * LOW HITPOINT WARNING * * *
The bullfrog skeleton hits you.
* * * LOW HITPOINT WARNING * * *
The phantom closely misses your ball python.
Your gnoll closely misses the bullfrog skeleton.
Your ball python bites the phantom but does no damage.
Your ball python barely misses the phantom.
Your gnoll hits the phantom with a +0 whip.
The adder skeleton bites you.
* * * LOW HITPOINT WARNING * * *
The bullfrog skeleton hits you!
You die...

######.# ######...
#......####........
#..................
####..................
#..........?........<.
#."................#..
#..)...............# .
#..!...............#
#......Z@.##########
#...g..Z### #...SW..#
#.......# #.......#
#.......# #########


You could see a phantom (ally target), an adder skeleton, a bullfrog skeleton, a
friendly gnoll (summoned) and a friendly ball python (summoned).

Vanquished Creatures
  Sigmund (D:4)
  4 gnolls
  3 adders
  4 worms
  3 dart slugs
  4 bats
  4 endoplasms
  2 giant cockroaches (D:2)
  5 goblins
  4 hobgoblins
  6 jackals
  2 kobolds
  2 quokkas
  8 ball pythons
  5 frilled lizards
  5 rats
62 creatures vanquished.

Vanquished Creatures (collateral kills)
  An adder (D:3)
1 creature vanquished.

Vanquished Creatures (others)
  2 plants (D:3)
2 creatures vanquished.

Grand Total: 65 creatures vanquished

Notes
Turn   | Place    | Note
-------+----------+-------------------------------------------
     0 | D:1      | ytrimaz the Octopode Venom Mage began the quest for the
                  | Orb.
     0 | D:1      | Reached XP level 1. HP: 11/11 MP: 3/3
   319 | D:1      | Reached XP level 2. HP: 5/18 MP: 1/5
   581 | D:1      | Found a faded altar of an unknown god.
   753 | D:1      | Learned a level 2 spell: Poisonous Vapours
   831 | D:2      | Reached skill level 4 in Poison Magic
  1079 | D:2      | Reached XP level 3. HP: 10/22 MP: 2/6
  1470 | D:2      | Reached skill level 1 in Fighting
  1739 | D:2      | Found Ziuzaof's Weapon Boutique.
  1745 | D:2      | Reached XP level 4. HP: 28/28 MP: 5/7
  2029 | D:2      | Learned a level 4 spell: Olgreb's Toxic Radiance
  3172 | D:4      | Noticed a phantom
  3299 | D:4      | Reached XP level 5. HP: 17/33 MP: 7/9
  3497 | D:4      | Noticed Sigmund
  3533 | D:4      | Killed Sigmund
  3534 | D:4      | Reached skill level 5 in Poison Magic
  3534 | D:4      | Reached XP level 6. HP: 32/38 MP: 0/11
  3740 | D:4      | Slain by a bullfrog skeleton

Illustrated notes

Levels and vault maps discovered:
D:1:      scummos_arrival_checkerplants, layout_rooms,
          shapermc_ecumenical_altar_flowoftime, eino_curves_04
D:2:      layout_loops_ring, serial_shops,
          nicolae_shop_competitors_out_of_business, cheibrodos_gnoll_hut
D:3:      layout_loops_ring, serial_bayou_ford_a
D:4:      layout_basic, uniq_sigmund

Skill      XL: |  1  2  3  4  5 |
---------------+----------------+-----
Poison Magic   | 4 5 |  5.5
Fighting       | 1 |  1.6
Transmutations | 2 |  2.7
Spellcasting   | 3 |  3.5
Dodging        | |  2.7
Stealth        | |  2.6
Unarmed Combat | |  0.7

Action                   |  1- 3 |  4- 6 || total
-------------------------+-------+-------++-------
Melee: Unarmed           |    29 |    40 ||    69
       Tentacles         |     5 |    11 ||    16
       Constrict         |     7 |     7 ||    14
 Cast: Sting             |    34 |    48 ||    82
       Poisonous Vapours |     4 |       ||     4
       Olgreb's Toxic Ra |       |     4 ||     4
  Use: Scroll            |       |     9 ||     9
       Potion            |       |     2 ||     2
Armor: Skin              |       |     9 ||     9
Dodge: Dodged            |    23 |    40 ||    63

Table legend: (Time is in decaauts)
 A = Elapsed time spent in this place.
 B = Non-inter-level travel time spent in this place.
 C = Inter-level travel time spent in this place.
 D = Time resting spent in this place.
 E = Time spent auto-exploring this place.
 F = Levels seen in this place.
 G = Mean time per level.
                   A        B        C        D        E       F      G
               +--------+--------+--------+--------+--------+-----+--------+
         Total |   3740 |   3661 |     79 |    249 |   2855 |   4 |  935.0 |
       Dungeon |   3740 |   3661 |     79 |    249 |   2855 |   4 |  935.0 |
               +--------+--------+--------+--------+--------+-----+--------+

Top non-repeatable levels by time:
     D:2: 1365 daAuts
     D:3: 1114 daAuts
     D:1: 766 daAuts
     D:4: 494 daAuts
